AoeStats
← Ringed_bagels

Arabia

510227974Analyzed
3v3 RM · 2d ago on Sep 30, 2026· 71m 15s· 6 players
Game mode
Random Map
Map size
Normal (6 player)
Population
200
Speed
Normal
Resources
Standard
Victory
Conquest
Starting age
Dark Age
Ending age
Imperial Age
RankedLock teamsTeams togetherTeam positionsShared explorationLock speedFull tech treeHidden civsTurbo modeCheats
Victory
Defeat
🇺🇸 Maya · United States
1011
+13
🇺🇸 Franks · United States
1001
+14
🇺🇸 Magyars · United States
923
+17
🇺🇸 Danes · United States
979
-16
🇺🇸 Varangians · United States
949
-15
🇺🇸 Persians · United States
914
-35
crescent
8:09 Loom
10:14 Feudal Age
11:04 Double-Bit Axe
11:00 Horse Collar
19:40 Castle Age
18:12 Scale Barding Armor
18:20 Scale Mail Armor
18:34 Forging
20:31 Wheelbarrow
19:42 Town Watch
20:47 Bloodlines
20:38 Husbandry
20:45 Husbandry
21:06 Husbandry
22:42 Bloodlines
26:04 Chain Barding Armor
32:07 Iron Casting
33:42 Hand Cart
36:57 Imperial Age
37:42 Conscription
37:01 Cavalier
39:35 Plate Barding Armor
40:25 Savar
42:42 Fletching
43:52 Blast Furnace
45:15 Bow Saw
45:08 Heavy Plow
56:18 Caravan
60:39 Ballistics
60:18 Murder Holes
60:34 Masonry
61:38 Chemistry
63:29 Gold Mining
63:43 Light Cavalry
66:44 Hussar
toolbanana-man
5:32 Loom
11:21 Feudal Age
12:31 Double-Bit Axe
19:25 Castle Age
18:58 Fletching
22:04 Squires
22:23 Scale Mail Armor
24:24 Elite Skirmisher
24:54 Pikeman
26:03 Forging
27:51 Bodkin Arrow
31:16 Horse Collar
32:45 Bow Saw
32:27 Arson
36:20 Wheelbarrow
35:30 Town Watch
37:10 Ballistics
39:00 Murder Holes
40:02 Chain Mail Armor
42:07 Iron Casting
45:47 Imperial Age
46:07 Onager
48:46 Hamask
49:42 Elite Varangian Guard
56:56 Heavy Scorpion
66:51 Halberdier
Luncheon
4:08 Loom
10:45 Feudal Age
13:22 Forging
15:43 Scale Barding Armor
20:06 Man-at-Arms
27:27 Castle Age
28:36 Wheelbarrow
29:25 Double-Bit Axe
32:50 Bow Saw
32:50 Husbandry
35:05 Hand Cart
37:57 Bloodlines
38:34 Iron Casting
41:03 Stone Mining
41:05 Gold Mining
45:45 Imperial Age
46:31 Cavalier
47:14 Elite Jarl
50:18 Chain Barding Armor
51:15 Two-Man Saw
49:58 Horse Collar
50:57 Stone Shaft Mining
52:26 Fletching
53:37 Blast Furnace
56:13 Caravan
63:10 Plate Barding Armor
AirPerrone
8:10 Loom
11:01 Feudal Age
13:09 Scale Mail Armor
13:20 Forging
17:32 Wheelbarrow
17:27 Horse Collar
23:57 Castle Age
22:47 Gold Mining
24:13 Eagle Warrior
24:54 Squires
25:11 Chain Mail Armor
25:13 Double-Bit Axe
29:42 Bow Saw
29:57 Heavy Plow
30:37 Iron Casting
31:43 Hand Cart
35:16 Fletching
36:56 Stone Mining
42:03 Imperial Age
41:18 Caravan
42:19 Elite Eagle Warrior
43:36 Plate Mail Armor
44:22 Blast Furnace
51:00 Arson
55:17 Hul'che Javelineers
59:31 Elite Skirmisher
60:17 Thumb Ring
61:45 Bodkin Arrow
61:51 Padded Archer Armor
64:11 Chemistry
63:32 Ballistics
63:08 Murder Holes
64:49 Holcans
68:33 Conscription
68:53 Hoardings
Ringed_bagels
8:27 Loom
11:22 Feudal Age
14:02 Double-Bit Axe
14:01 Horse Collar
19:46 Castle Age
19:38 Padded Archer Armor
19:28 Fletching
28:41 Ballistics
31:12 Thumb Ring
31:50 Pikeman
34:55 Corvinian Army
54:48 Stone Mining
57:59 Caravan
66:45 Imperial Age
66:51 Imperial Age
66:28 Scale Barding Armor
66:35 Bloodlines
66:26 Husbandry
68:26 Chain Barding Armor
Yelmite
9:10 Loom
10:56 Feudal Age
16:42 Castle Age
14:45 Double-Bit Axe
19:08 Husbandry
21:01 Wheelbarrow
24:29 Scale Barding Armor
26:11 Chain Barding Armor
31:03 Imperial Age
31:54 Bow Saw
31:11 Cavalier
32:33 Plate Barding Armor
32:09 Forging
34:44 Gold Mining
34:45 Paladin
36:44 Chivalry
38:28 Murder Holes
39:17 Iron Casting
41:17 Blast Furnace
40:49 Conscription
43:47 Fletching
45:52 Gold Shaft Mining
48:28 Hand Cart
47:59 Town Watch
52:17 Light Cavalry
53:45 Town Patrol
54:22 Guard Tower
54:43 Siege Engineers
57:55 Bodkin Arrow
Connection lost

Rejoining the realm…

Still unreachable

The connection could not be restored.

Session expired

The server has moved on; the page needs a fresh start.